 Dungeon Crawl Stone Soup version 0.26-a0-665-gefeb406119 (webtiles) character file.

Game seed: 14631220751475223696

32 Elric the Shield-Bearer (level 3, -3/24 HPs)
             Began as a Gargoyle Fighter on Oct 14, 2020.
             Slain by a gnoll
             ... wielding a +0 spear
              (7 damage)
             ... on level 2 of the Dungeon.
             The game lasted 00:01:07 (644 turns).

Elric the Shield-Bearer (Gargoyle Fighter)           Turns: 644, Time: 00:01:08

Health: -3/24      AC: 11    Str: 20    XL:     3   Next: 27%
Magic:  3/3        EV:  7    Int:  8    God:
Gold:   46         SH:  9    Dex:  9    Spells: 2/2 levels left

rFire    . . .     SeeInvis .   a - +0 flail
rCold    . . .     Faith    .   c - +0 kite shield
rNeg     + . .     Spirit   .   b - +0 scale mail
rPois    ∞         Reflect  .   (no helmet)
rElec    +         Harm     .   (no cloak)
rCorr    .         Rampage  .   f - +0 pair of gloves
MR       .....                  (no boots)
Stlth    ..........             (no amulet)
HPRegen  0.08/turn              (no ring)
MPRegen  0.08/turn              (no ring)

@: no status effects
A: negative energy resistance 1, electricity resistance, unbreathing,
petrification resistance, rot immunity, AC +3
a: no special abilities


You were on level 2 of the Dungeon.
You visited 1 branch of the dungeon, and saw 2 of its levels.

You collected 46 gold pieces.

Inventory:

Hand Weapons
 a - a +0 flail (weapon)
Armour
 b - a +0 scale mail (worn)
 c - a +0 kite shield (worn)
 f - a +0 pair of gloves (worn)
Scrolls
 e - a scroll of remove curse {unknown}
 g - a scroll of blinking {unknown}
 i - a scroll of identify {unknown}
 j - 3 scrolls of teleportation {unknown}
Potions
 d - a potion of might
 h - a potion of magic {unknown}
 k - a potion of curing {unknown}


   Skills:
 + Level 3.6 Fighting
 + Level 2.4 Maces & Flails
 + Level 3.6 Armour
 + Level 3.8 Shields


You had 2 spell levels left.
You didn't know any spells.
Your spell library was empty.

Dungeon Overview and Level Annotations

Branches:
Dungeon (2/15)

Altars:


Innate Abilities, Weirdness & Mutations

You are resistant to torment.
Your stone body is resilient. (AC +3)
You are immune to poison.
You resist negative energy. (rN+)
You are resistant to electric shocks. (rElec)
You can survive without breathing.
You are immune to petrification.
You are immune to rotting.


Message History

You are too injured to fight recklessly!
You closely miss the kobold. You block the kobold's attack.
The kobold hits you but does no damage.
You are too injured to fight recklessly!
You closely miss the kobold.
The gnoll hits you from afar with a +0 spear.
* * * LOW HITPOINT WARNING * * *
You block the kobold's attack. The gnoll hits you but does no damage.
You hit the kobold.
You kill the kobold!
The gnoll hits you but does no damage.
You are too injured to fight recklessly!
You sock the worm!
The worm is severely wounded.
The gnoll hits you but does no damage. The worm bites you but does no damage.
You are too injured to fight recklessly!
You hit the worm but do no damage.
The worm is severely wounded.
The gnoll hits you from afar with a +0 spear!
You die...

+.................... ..
#.......^...>....... ...
#..#........$.......
....+.........#.........
....+#........#......... ..
#......#..#+##......... ..
....#......#..#............ #....
...#......#g.............. #....
#.###+#)@wg..............
##....###.........#..............
#...........(..........#........
..................##...#........
......................##........
............................###
..........''####+#...... ...#
....#.....#.# ........
..........#.# .....


You could see a worm and 2 gnolls.

Vanquished Creatures
  A gnoll (D:2)
  4 dart slugs
  A leopard gecko (D:2)
  3 goblins (D:1)
  A hobgoblin (D:1)
  A bat (D:1)
  A frilled lizard (D:1)
  2 kobolds (D:2)
  A rat (D:1)
15 creatures vanquished.

Notes
Turn   | Place    | Note
-------+----------+-------------------------------------------
     0 | D:1      | Elric the Gargoyle Fighter began the quest for the Orb.
     0 | D:1      | Reached XP level 1. HP: 14/14 MP: 1/1
   180 | D:1      | Reached XP level 2. HP: 19/19 MP: 2/2
   611 | D:2      | Reached XP level 3. HP: 22/23 MP: 3/3
   644 | D:2      | Slain by a gnoll

Illustrated notes

Levels and vault maps discovered:
D:1:      mrwooster_arrival_arrow, layout_basic, minmay_misc_feat_square
D:2:      layout_basic, minmay_misc_feat_encased

Action                   || total
-------------------------++-------
Melee: Flail             ||    68
Armor: Scale mail        ||    50
Dodge: Dodged            ||    29
Block: Kite shield       ||    44

Table legend: (Time is in decaauts)
 A = Elapsed time spent in this place.
 B = Non-inter-level travel time spent in this place.
 C = Inter-level travel time spent in this place.
 D = Time resting spent in this place.
 E = Time spent auto-exploring this place.
 F = Levels seen in this place.
 G = Mean time per level.
                   A        B        C        D        E       F      G
               +--------+--------+--------+--------+--------+-----+--------+
         Total |    668 |    640 |     28 |      0 |    475 |   2 |  334.0 |
       Dungeon |    668 |    640 |     28 |      0 |    475 |   2 |  334.0 |
               +--------+--------+--------+--------+--------+-----+--------+

Top non-repeatable levels by time:
     D:1: 496 daAuts
     D:2: 171 daAuts
